 Dungeon Crawl Stone Soup version 0.31-a0-214-gb37851dbb3 (webtiles) character file.

Game seed: 12362309531061972039

832 innerfire43 the Chopper (level 7, -6/56 HPs)
             Began as a Demonspawn Monk on July 1, 2023.
             Was a Plaything of Xom.
             Mangled by a gnoll bouda
             ... wielding a +0 club
              (10 damage)
             ... on level 5 of the Dungeon.
             The game lasted 00:05:44 (3692 turns).

innerfire43 the Chopper (Demonspawn Monk)           Turns: 3692, Time: 00:05:45

Health: -6/56      AC:  4    Str: 12 (14) XL:     7   Next: 65%
Magic:  7/7        EV: 16    Int:  9 (11) God:    Xom [*.....]
Gold:   862        SH:  0    Dex: 14 (15) Spells: 6/6 levels left

rFire   . . .        k - +2 short sword (venom)
rCold   + . .        d - orb {light}
rNeg    . . .        b - +0 robe
rPois   .            (no helmet)
rElec   .            p - +0 cloak
rCorr   .            (no gloves)
SInv    .            h - +0 pair of boots
Will    .....        (no amulet)
Stlth   +            (no ring)
HPRegen 3.29/turn    (no ring)
MPRegen 0.20/turn

%: no passive effects
@: weakened, glowing
A: repulsion field 1, powered by death 3, magic regeneration, talons 1, cold
resistance 1, no potion heal 1, MP-powered wands
a: Renounce Religion


You were on level 5 of the Dungeon.
You worshipped Xom.
You were a special plaything of Xom.
You visited 1 branch of the dungeon, and saw 5 of its levels.

You collected 862 gold pieces.

Inventory:

Hand Weapons
 a - a +0 hand axe
 k - a +2 short sword of venom (weapon)
 o - a +3 quarterstaff of chaos
Armour
 b - a +0 robe (worn)
 d - an orb of light (worn)
 h - a +0 pair of boots (worn)
 p - a +0 cloak (worn)
 s - a +0 buckler
Wands
 i - a wand of flame (17)
Scrolls
 f - 4 scrolls of identify
 g - a scroll of brand weapon
 r - a scroll of silence {unknown}
Potions
 e - a potion of haste {unknown}
 n - a potion of might {unknown}
 q - 3 potions of curing {unknown}


   Skills:
 + Level 5.3 Fighting
 * Level 2.6 Short Blades
 - Level 5.3 Axes
 + Level 4.8 Dodging


You had 6 spell levels left.
You didn't know any spells.
Your spell library contained the following spells:

 Spells                   Type           Power      Damage    Failure   Level
 Summon Forest            Summ/Tloc      0%         N/A       100%        5
 Summon Mana Viper        Hex/Summ       0%         N/A       100%        5
 Summon Cactus Giant      Summ           0%         N/A       100%        6


Dungeon Overview and Level Annotations

Branches:
Dungeon (5/15)             Temple (0/1) D:4

Altars:
Xom
Yredelemnul


Innate Abilities, Weirdness & Mutations

You are surrounded by a mild repulsion field. (EV +2)
You regenerate a lot of health from kills.
You regenerate magic rapidly.
You have sharp toenails.
Your flesh is cold resistant. (rC+)
Potions are less effective at restoring your health.
You expend magic power (3 MP) to strengthen your wands.


Message History

The gnoll is moderately wounded.
The gnoll is no longer moving quickly.
The gnoll bouda hits you with a +0 club!
The gnoll hits you from afar with a +0 spear.
The gnoll misses you. The gnoll hits you with a +0 spear.
Unknown command.
You hit the gnoll but do no damage.
The gnoll is heavily wounded.
The gnoll bouda barely misses you.
The gnoll hits you from afar with a +0 spear!
* * * LOW HITPOINT WARNING * * *
The gnoll misses you.
Unknown command.
You hit the gnoll but do no damage.
The gnoll looks as sick as possible!
The gnoll is heavily wounded.
The gnoll hits you with a +0 spear.
* * * LOW HITPOINT WARNING * * *
The gnoll misses you. The gnoll bouda closely misses you.
Unknown command.
You hit the gnoll.
You kill the gnoll!
The gnoll hits you with a +0 halberd!
* * * LOW HITPOINT WARNING * * *
The gnoll bouda barks out a call to the hunt!
The gnoll picks up the pace!
The gnoll barely misses you.
Unknown command.
You hit the gnoll.
The gnoll is moderately wounded.
The gnoll is no longer moving quickly.
The gnoll barely misses you.
The gnoll bouda hits you with a +0 club.
* * * LOW HITPOINT WARNING * * *
The gnoll barely misses you.
Unknown command.
You barely miss the gnoll.
The gnoll is moderately wounded.
The gnoll completely misses you.
The gnoll bouda hits you with a +0 club!
You die...
Xom giggles madly!

#.#####...<.......
#.# #...........
#.# #...###...##
#.# #...# ...# #.#
##...###...# #.#
#............ #.#
#............ #.#
#....g....... #.#
#..#@###...#
#.####..g)# ...#
#......#.g###...###
#######............
+#.....†.......
#.........##.###
#...##...)...#
#..##..♣...♣..#
####........ ..#


You could see a gnoll bouda and 2 gnolls.

Vanquished Creatures
  Sigmund (D:3)
  A black bear (D:3)
  A scorpion (D:4)
  2 hounds
  Crazy Yiuf (D:3)
  3 iguanas (D:4)
  2 scorpion zombies (D:3)
  An orc wizard (D:3)
  Robin (D:3)
  2 gnolls (D:5)
  6 adders
  A white imp (D:5)
  An adder zombie (D:3)
  A worm (D:2)
  5 dart slugs
  5 orcs (D:3)
  14 ball pythons
  4 bats
  5 endoplasms
  8 giant cockroaches
  7 goblins
  8 hobgoblins
  3 jackals
  2 quokkas
  2 frilled lizards (D:1)
  15 kobolds
  A quokka zombie (D:3)
  4 rats
107 creatures vanquished.

Vanquished Creatures (collateral kills)
  Ijyb (D:3)
  An iguana (D:5)
  An adder (D:3)
  An orc (D:3)
  9 goblins (D:3)
  2 hobgoblins (D:3)
15 creatures vanquished.

Grand Total: 122 creatures vanquished

Notes
Turn   | Place    | Note
-------+----------+-------------------------------------------
     0 | D:1      | innerfire43 the Demonspawn Monk began the quest for the
                  | Orb.
     0 | D:1      | Reached XP level 1. HP: 18/18 MP: 1/1
   178 | D:1      | Gained mutation: You regenerate magic rapidly. [demonic
                  | ancestry]
   178 | D:1      | Reached XP level 2. HP: 24/24 MP: 2/2
   642 | D:1      | Gained mutation: You regenerate a little health from kills.
                  | [demonic ancestry]
   642 | D:1      | Reached XP level 3. HP: 27/29 MP: 3/3
   985 | D:1      | Found a faded altar of an unknown god.
   996 | D:1      | Prayed at the altar of an unknown god.
   996 | D:1      | Became a worshipper of Xom of Chaos
  1214 | D:2      | XOM: silly message
  1361 | D:2      | XOM: divination: detect items
  1544 | D:2      | Gained mutation: You regenerate health from kills. [demonic
                  | ancestry]
  1544 | D:2      | Reached XP level 4. HP: 37/37 MP: 4/4
  1730 | D:2      | Identified the +2 quarterstaff of Reetih {antimagic,
                  | *Corrode rN+++ Str+3 Dex+3}
  1935 | D:3      | XOM: 1-stop teleportation journey
  1986 | D:3      | Reached XP level 5. HP: 37/42 MP: 5/5
  1988 | D:3      | XOM: scenery: create altars
  2045 | D:3      | Found a basalt altar of Yredelemnul.
  2065 | D:3      | Noticed Ijyb
  2072 | D:3      | Killed Ijyb
  2186 | D:3      | XOM: divination: detect items
  2217 | D:3      | XOM: 1-stop teleportation journey
  2303 | D:3      | Noticed Sigmund
  2317 | D:3      | Killed Sigmund
  2318 | D:3      | Reached skill level 5 in Axes
  2318 | D:3      | Gained mutation: You are surrounded by a mild repulsion
                  | field. (EV +2) [demonic ancestry]
  2318 | D:3      | Reached XP level 6. HP: 44/49 MP: 6/6
  2353 | D:3      | Noticed Robin
  2362 | D:3      | Killed Robin
  2608 | D:3      | Found a runed translucent door.
  2609 | D:3      | Noticed Crazy Yiuf
  2828 | D:3      | Killed Crazy Yiuf
  2829 | D:3      | Gained mutation: You regenerate a lot of health from kills.
                  | [demonic ancestry]
  2829 | D:3      | Reached XP level 7. HP: 44/55 MP: 7/7
  2916 | D:4      | Reached skill level 1 in Short Blades
  3016 | D:4      | Reached skill level 5 in Fighting
  3085 | D:4      | Found a staircase to the Ecumenical Temple.
  3159 | D:4      | XOM: snakes to sticks
  3211 | D:4      | XOM: smoke on damage
  3239 | D:4      | XOM: god gift: 545 gold pieces
  3402 | D:4      | XOM: scenery: summon butterflies
  3567 | D:4      | XOM: give mutation
  3567 | D:4      | Gained mutation: You have sharp fingernails. [Xom's grace]
  3612 | D:5      | Entered Level 5 of the Dungeon
  3623 | D:5      | XOM: 1-stop teleportation journey
  3672 | D:5      | Lost mutation: You have sharp fingernails. [potion of
                  | mutation]
  3672 | D:5      | Gained mutation: Your flesh is cold resistant. (rC+)
                  | [potion of mutation]
  3672 | D:5      | Gained mutation: You expend magic power (3 MP) to
                  | strengthen your wands. [potion of mutation]
  3672 | D:5      | Gained mutation: Potions are less effective at restoring
                  | your health. [potion of mutation]
  3672 | D:5      | Gained mutation: You have sharp toenails. [potion of
                  | mutation]
  3672 | D:5      | XOM: silly message
  3673 | D:5      | XOM: summons 2 friendly demons
  3691 | D:5      | HP: 2/56 [gnoll bouda/+0 club (4)]
  3692 | D:5      | Mangled by a gnoll bouda

Illustrated notes

Levels and vault maps discovered:
D:1:      dpeg_arrival_concentric_ovals, layout_loops_ring,
          shapermc_ecumenical_altar_petra, minmay_misc_feat_enclosed
D:2:      minmay_chambers_of_twos, layout_loops_ring, st_stairs_8
D:3:      layout_loops_cross, nicolae_yredelemnul_corpse_copse,
          minmay_quantized, uniq_ijyb, uniq_sigmund, uniq_crazy_yiuf_cottage,
          uniq_robin
D:4:      layout_cave_pools, minmay_temple_entry_mini_moons
D:5:      nicolae_cairo_tiling_large_dashed, layout_basic,
          minmay_misc_feat_five, minmay_misc_feat_cross, grunt_ministairs_10

Skill      XL: |  1  2  3  4  5  6  7 |
---------------+----------------------+-----
Axes           | 3 5 |  5.3
Dodging        | 3 4 |  4.8
Fighting       | 4 5 |  5.3
Short Blades   | 2 |  2.6

Action                     |  1- 3 |  4- 6 |  7- 9 || total
---------------------------+-------+-------+-------++-------
  Melee: Hand axe          |   162 |       |       ||   162
         Short sword       |     1 |   127 |   101 ||   229
    Use: Scroll            |     4 |       |       ||     4
         Potion            |       |       |     4 ||     4
 Armour: Robe              |    25 |    23 |    15 ||    63
  Dodge: Dodged            |   111 |    80 |   128 ||   319

Table legend: (Time is in decaauts)
 A = Elapsed time spent in this place.
 B = Non-inter-level travel time spent in this place.
 C = Inter-level travel time spent in this place.
 D = Time resting spent in this place.
 E = Time spent auto-exploring this place.
 F = Levels seen in this place.
 G = Mean time per level.
                   A        B        C        D        E       F      G
               +--------+--------+--------+--------+--------+-----+--------+
         Total |   3705 |   3474 |    231 |      0 |   2668 |   5 |  741.0 |
       Dungeon |   3705 |   3474 |    231 |      0 |   2668 |   5 |  741.0 |
               +--------+--------+--------+--------+--------+-----+--------+

Top non-repeatable levels by time:
     D:1: 1036 daAuts
     D:3: 983 daAuts
     D:2: 897 daAuts
     D:4: 710 daAuts
     D:5: 77 daAuts
